 Dungeon Crawl Stone Soup version 0.17-a0-854-g4a4ba72 (webtiles) character file.

262 esc the Conjurer (level 5, -5/24 HPs)
             Began as a Spriggan Conjurer on Apr 28, 2015.
             Slain by an ogre
             ... wielding a +0 giant spiked club
              (29 damage)
             ... on level 4 of the Dungeon.
             The game lasted 00:13:53 (4365 turns).

esc the Conjurer (Spriggan Conjurer)                Turns: 4365, Time: 00:13:53

Health: -5/24      AC:  4    Str:  4    XL:     5   Next: 97%
Magic:  1/12       EV: 18    Int: 18    God:
Gold:   118        SH:  0    Dex: 16    Spells: 2 memorised, 8 levels left

rFire  + . .     SeeInvis +     v - +1 dagger (drain)
rCold  . . .     Clarity  .     n - +2 robe {rF+}
rNeg   . . .     SustAb   .     (shield restricted)
rPois  .         Gourm    .     (helmet restricted)
rElec  .         Spirit   .     (no cloak)
rCorr  .         Warding  .     (gloves unavailable)
rMut   .         Stasis   .     (boots unavailable)
MR     .....                    (no amulet)
Stlth  +++.......               (no ring)
                                (no ring)

@: very quick, not resistant to hostile enchantments, fairly stealthy
A: unfitting armour, see invisible, herbivore 3, speed 3, slow metabolism 2
a: no special abilities


You were on level 4 of the Dungeon.
You were not hungry.

You visited 1 branch of the dungeon, and saw 4 of its levels.

You collected 118 gold pieces.

Inventory:

Hand weapons
 f - a +0 short sword
   (You took it off a kobold on level 1 of the Dungeon)
 m - a +0 falchion of holy wrath
   (You took it off Robin on level 2 of the Dungeon)
 o - a +5 club
   (You took it off Jessica on level 2 of the Dungeon)
 v - a +1 dagger of draining (weapon)
   (You took it off an orc on level 3 of the Dungeon)
Missiles
 a - 11 poisoned needles
 i - 7 tomahawks of dispersal {=f}
 p - a throwing net {=f, !d}
 t - 4 needles of sleeping
Armour
 n - a +2 robe of fire resistance (worn)
   (You took it off Jessica on level 2 of the Dungeon)
Jewellery
 d - an uncursed amulet of rage {+Rage, !d}
   (You took it off a goblin on level 2 of the Dungeon)
Magical devices
 l - a wand of enslavement (22)
   (You found it on level 1 of the Dungeon)
Scrolls
 e - 2 scrolls of enchant armour
 q - a scroll of teleportation
 r - 2 scrolls of remove curse
Potions
 g - 2 potions of magic {unknown}
 h - a potion of mutation {unknown}
 j - 2 potions of curing {unknown}
 k - a potion of agility {unknown}
 s - a potion of poison {unknown}
 u - 2 potions of might
Books
 b - a book of Conjurations
Comestibles
 c - 3 bread rations {@e1}


   Skills:
 - Level 3.0 Dodging
 - Level 3.0 Stealth
 + Level 4.4 Spellcasting
 - Level 5.0 Conjurations


You had 8 spell levels left.
You knew the following spells:

 Your Spells              Type           Power        Failure   Level  Hunger
a - Magic Dart            Conj           ###.         1%          1    None
b - Dazzling Spray        Conj/Hex       ##......     17%         3    ###....


Dungeon Overview and Level Annotations

Branches:
Dungeon (4/15)
 Temple: D:4-7

Altars:


Innate Abilities, Weirdness & Mutations

You are tiny and cannot use many weapons and most armour.
You have supernaturally acute eyesight.
You are a herbivore.
You cover ground extremely quickly.
You need consume almost no food.


Message History

Your Spellcasting skill increases to level 4!
You see here a hound corpse.
You butcher the hound corpse.
You see here 2 chunks of flesh {@w0}.
You start resting.
Health restored: 24; MP restored: 12
There is an open door here.
There is an open door here.
You now have 118 gold pieces (gained 9).
There is an open door here.
You open the door.
There is an open door here.
There is a stone staircase leading down here.
Aim: a gnoll (hasn't noticed you)
The magic dart hits the gnoll.
The gnoll shouts!
You now have 11/12 mp.
Aim: a gnoll (lightly wounded)
The magic dart hits the gnoll.
You now have 10/12 mp.
Aim: a gnoll (heavily wounded)
The spray of energy hits the gnoll.
The gnoll misses you.
You now have 7/12 mp.
Aim: a gnoll (severely wounded)
You miscast Dazzling Spray.
You are very lightly contaminated with residual magic.
Multicoloured lights dance before your eyes!
The gnoll misses you.
You now have 4/12 mp.
Aim: a gnoll (severely wounded)
The spray of energy hits the gnoll.
You kill the gnoll!
You now have 1/12 mp.
You start resting.
Your magical contamination has completely faded away.
You regained 3 mp, and now have 4/12 mp.
You start resting.
MP restored: 12 An adder comes into view.
Aim: an adder (resting)
The magic dart hits the adder.
You now have 11/12 mp.
Aim: an adder (heavily wounded)
The magic dart hits the adder.
You now have 10/12 mp.
Aim: an adder (heavily wounded)
The magic dart hits the adder.
You kill the adder!
You now have 9/12 mp.
Found a stone staircase leading down.
A hobgoblin comes into view. It is wielding a club.
The hobgoblin shouts!
Aim: a hobgoblin, wielding a club The magic dart hits the hobgoblin.
You kill the hobgoblin!
You now have 10/12 mp.
You see here a club.
Done exploring.
Done exploring.
You see here a club.
There is a stone staircase leading down here.
MP restored: 12 You climb downwards.
You hear the sound of rushing water.
There is an entrance to a sewer on this level.
Hurry and find it before the portal rusts away!
You hear the hiss of flowing sand.
There is an entrance to an ossuary on this level.
Hurry and find it before the portal is buried!
There is a stone staircase leading up here.
An ogre comes into view. It is wielding a giant spiked club.
Aim: an ogre, wielding a giant spiked club (resting)
The magic dart hits the ogre.
The ogre shouts!
You now have 11/12 mp.
Aim: an ogre, wielding a giant spiked club (lightly wounded)
The magic dart hits the ogre.
You now have 10/12 mp.
Aim: an ogre, wielding a giant spiked club (moderately wounded)
The magic dart hits the ogre.
You now have 9/12 mp.
Aim: an ogre, wielding a giant spiked club (moderately wounded)
The magic dart hits the ogre.
You now have 8/12 mp.
Aim: an ogre, wielding a giant spiked club (moderately wounded)
The spray of energy hits the ogre.
You now have 5/12 mp.
Aim: an ogre, wielding a giant spiked club (heavily wounded)
The spray of energy hits the ogre.
The ogre is dazzled.
A bat comes into view.
You now have 2/12 mp.
The bat moves out of view.
The ogre is no longer blind.
Aim: an ogre, wielding a giant spiked club (heavily wounded)
The spray of energy hits the ogre.
The ogre is dazzled.
You now have 0/12 mp.
You hit the ogre. The ogre misses you.
You closely miss the ogre. You hit the ogre.
The ogre hits you with a giant spiked club!!
Ouch! That really hurt!
You die...

#.# #<# #.# #.#
#.# ##.######.#
..........###
########....#
#@##.# #O##.#
##.##.#
...#######...#.#
.............#.#
$.?#######...#.#
#####.# #.# #.#


You could see an ogre (blind).

Vanquished Creatures
  2 hounds (D:3)
  Jessica (D:2)
  Robin (D:2)
  6 adders
  A gnoll (D:3)
  An ooze (D:1)
  3 worms
  A giant gecko (D:3)
  An orc (D:3)
  A ball python (D:1)
  8 bats
  6 giant cockroaches
  14 goblins
  11 hobgoblins
  5 jackals
  6 kobolds
  A quokka (D:2)
  5 giant newts
  5 rats
79 creatures vanquished.

Notes
Turn   | Place    | Note
--------------------------------------------------------------
     0 | D:1      | esc, the Spriggan Conjurer, began the quest for the Orb.
     0 | D:1      | Reached XP level 1. HP: 9/9 MP: 5/5
    73 | D:1      | Reached skill level 3 in Conjurations
   422 | D:1      | Reached XP level 2. HP: 13/13 MP: 2/6
  1182 | D:2      | Reached XP level 3. HP: 13/16 MP: 1/8
  1292 | D:2      | Learned a level 3 spell: Dazzling Spray
  1392 | D:2      | Reached skill level 4 in Conjurations
  1621 | D:2      | Noticed Robin
  1828 | D:2      | Killed Robin
  1828 | D:2      | Reached XP level 4. HP: 21/21 MP: 1/9
  2234 | D:2      | Noticed Jessica
  2247 | D:2      | Killed Jessica
  3185 | D:3      | Reached XP level 5. HP: 24/24 MP: 6/10
  3647 | D:3      | Reached skill level 5 in Conjurations
  4033 | D:3      | Reached skill level 3 in Spellcasting
  4051 | D:3      | Reached skill level 4 in Spellcasting
  4346 | D:4      | Noticed an ogre
  4365 | D:4      | Slain by an ogre

Action                   |  1- 3 |  4- 6 || total
-------------------------+-------+-------++-------
Melee: Unarmed           |     3 |       ||     3
       Short sword       |     3 |     4 ||     7
       Club              |       |    18 ||    18
       Dagger            |       |    10 ||    10
 Cast: Magic Dart        |    75 |   100 ||   175
       Dazzling Spray    |     6 |    23 ||    29
  Use: Scroll            |     4 |     3 ||     7
 Stab: Invisible         |       |     1 ||     1
       Sleeping          |       |     1 ||     1
  Eat: Fruit             |       |     2 ||     2
       Bread ration      |       |     1 ||     1

Vault maps used:
D:1:      kilobyte_arrival_exit_the_forest, minivault_5
D:2:      first_bread, uniq_robin, uniq_jessica
D:3:      cheibrodos_gnoll_hut
D:4:      nicolae_ossuary_entry_ruins, portal_sewer_entry_c, st_stairs_2,
          uniq_blork_the_orc, uniq_sigmund

Table legend:
 A = Turns spent in this place as a percentage of turns spent in the entire game.
 B = Non-inter-level travel turns spent in this place as a percentage of non-inter-level travel turns spent in the entire game.
 C = Inter-level travel turns spent in this place as a percentage of turns spent in this place.
 D = Turns resting spent in this place as a percentage of non-inter-level travel turns spent in this place.
 E = Turns spent auto-exploring this place as a percentage of non-inter-level travel turns spent in this place.
 F = Non-inter-level travel turns spent in this place divided by the number of levels of this place that you've seen.
                   A       B       C       D       E      F
               +-------+-------+-------+-------+-------+----------------------
         Total | 100.0 | 100.0 |   0.3 |  11.9 |  10.2 | 223.2
       Dungeon | 100.0 | 100.0 |   0.3 |  11.9 |  10.2 | 223.2
               +-------+-------+-------+-------+-------+----------------------

Table legend:
 A = Kills in this place as a percentage of kills in entire the game.
 B = Kills by you in this place as a percentage of kills by you in the entire game.
 C = Kills by friends in this place as a percentage of kills by friends in the entire game.
 D = Other kills in this place as a percentage of other kills in the entire game.
 E = Experience gained in this place as a percentage of experience gained in the entire game.
 F = Experience gained in this place divided by the number of levels of this place that you have seen.
                   A       B       C       D       E      F
               +-------+-------+-------+-------+-------+----------------------
         Total | 100.0 | 100.0 |  -nan |  -nan | 100.0 |  93.8
       Dungeon | 100.0 | 100.0 |  -nan |  -nan | 100.0 |  93.8
               +-------+-------+-------+-------+-------+----------------------
